 Dungeon Crawl Stone Soup version 0.28.0-43-g3370ac3207 (webtiles) character file.

Game seed: 9866375876354825737

41 sanboga the Shield-Bearer (level 3, -7/23 HPs)
             Began as a Gargoyle Fighter on Mar 29, 2022.
             Mangled by a wight
             ... wielding a +5 halberd
              (10 damage)
             ... on level 3 of the Dungeon.
             The game lasted 00:01:46 (2107 turns).

sanboga the Shield-Bearer (Gargoyle Fighter)        Turns: 2107, Time: 00:01:46

Health: -7/23      AC: 10    Str: 21    XL:     3   Next: 52%
Magic:  3/3        EV:  9    Int:  8    God:
Gold:   84         SH:  4    Dex:  9    Spells: 2/2 levels left

rFire   . . .      SeeInvis .   a - +0 war axe
rCold   . . .      Faith    .   c - +0 buckler
rNeg    + . .      Spirit   .   b - +0 scale mail
rPois   ∞          Reflect  .   (no helmet)
rElec   +          Harm     .   f - scarf {shadows}
rCorr   .          Rampage  .   (no gloves)
Will    .....                   (no boots)
Stlth   ..........              (no amulet)
HPRegen 0.07/turn               (no ring)
MPRegen 0.08/turn               (no ring)

@: mighty
A: sickness immunity, AC +3, negative energy resistance 1, electricity
resistance, torment resistance 1, petrification resistance
a: no special abilities


You were on level 3 of the Dungeon.
You visited 1 branch of the dungeon, and saw 3 of its levels.

You collected 84 gold pieces.

Inventory:

Hand Weapons
 a - a +0 war axe (weapon)
Armour
 b - a +0 scale mail (worn)
 c - a +0 buckler (worn)
 f - a scarf of shadows (worn)
Scrolls
 e - a scroll of summoning {unknown}
 g - a scroll of identify {unknown}
 h - 2 scrolls of brand weapon {unknown}
 i - a scroll of vulnerability {unknown}
 j - a scroll of immolation {unknown}
 l - 3 scrolls of fog {unknown}
Potions
 k - a potion of experience {unknown}
 m - a potion of brilliance {unknown}
 n - 2 potions of ambrosia {unknown}


   Skills:
 + Level 3.6 Fighting
 * Level 2.5 Axes
 + Level 3.6 Armour
 + Level 3.6 Shields


You had 2 spell levels left.
You didn't know any spells.
Your spell library was empty.

Dungeon Overview and Level Annotations

Branches:
Dungeon (3/15)

Altars:
Elyvilon


Innate Abilities, Weirdness & Mutations

You are immune to sickness and miasma.
Your stone body is resilient. (AC +3)
You are immune to poison.
You resist negative energy. (rN+)
You are resistant to electric shocks. (rElec)
You are resistant to unholy torment.
You are immune to petrification.


Message History

No target in view!
There is an escape hatch in the floor here.
You slide downwards.
The hatch slams shut behind you.
Found a short sword.
Found a stone staircase leading down.
l - 3 scrolls labelled IXTUUP WOSE (gained 1)
Found a white marble altar of Elyvilon.
A wight comes into view. It is wielding a +5 halberd.
The wight moves out of view.
A wight is nearby!
A wight comes into view. It is wielding a +1 spear.
Found 2 puce potions.
The wight barely misses you.
You closely miss the wight. You block the wight's attack.
The wight hits you with a +5 halberd!
A ball python comes into view.
You closely miss the wight.
The ball python hisses angrily.
The wight closely misses you.
You feel very mighty all of a sudden. The wight hits you but does no damage.
You block the wight's attack. The ball python barely misses you.
The ball python grabs you. The ball python constricts you.
You slash the wight!
The wight is heavily damaged.
You hit the ball python.
You kill the ball python!
The wight closely misses you.
A wight comes into view. It is wielding a +0 halberd.
The wight hits you from afar with a +1 spear.
You block the wight's attack.
You closely miss the wight.
The wight is heavily damaged.
The wight hits you from afar with a +1 spear.
* * * LOW HITPOINT WARNING * * *
You block the wight's attack. The wight barely misses you.
You hit the wight.
The wight is heavily damaged.
You block the wight's attack. The wight barely misses you.
The wight hits you with a +5 halberd!
You die...

#.# #.# #######.# ####
######.......# #...
..............
###.#.#########.#######
................#
≈≈≈≈≈≈.##########
.....≈@# ≈≈§§§§z#
..§≈.≈.z ._§§§§...
.§.≈§≈...z §≈§§.≈.....
^....≈..!...


You could see 3 wights.

Vanquished Creatures
  3 worms (D:2)
  A dart slug (D:2)
  6 ball pythons
  3 endoplasms
  A giant cockroach (D:1)
  2 goblins
  A hobgoblin (D:2)
  4 quokkas
  5 bats
  A frilled lizard (D:2)
  2 kobolds (D:1)
29 creatures vanquished.

Notes
Turn   | Place    | Note
-------+----------+-------------------------------------------
     0 | D:1      | sanboga the Gargoyle Fighter began the quest for the Orb.
     0 | D:1      | Reached XP level 1. HP: 14/14 MP: 1/1
   255 | D:1      | Reached XP level 2. HP: 9/19 MP: 2/2
  1185 | D:2      | Reached XP level 3. HP: 22/23 MP: 3/3
  2098 | D:3      | Found a white marble altar of Elyvilon.
  2107 | D:3      | Mangled by a wight

Illustrated notes

Levels and vault maps discovered:
D:1:      minmay_arrival_diagonal_passages, layout_loops_ring
D:2:      layout_basic
D:3:      layout_basic, mainiacjoe_overflow_catwalk,
          mainiacjoe_overflow_concentric_impassable,
          dreamdust_ecumenical_altar_drowned_temple

Skill      XL: |  1 |
---------------+----+-----
Axes           | 2 |  2.5
Fighting       | |  3.6
Armour         | |  3.6
Shields        | |  3.6

Action                   || total
-------------------------++-------
Melee: War axe           ||   122
  Use: Potion            ||     1
Armor: Scale mail        ||    84
Dodge: Dodged            ||    68
Block: Buckler           ||    37
